 Dungeon Crawl Stone Soup version 0.26.1-11-gd32895ea62 (webtiles) character file.

Game seed: 15162140410864314919

204 phalm the Conjurer (level 5, -8/39 HPs)
             Began as a Demonspawn Conjurer on June 23, 2021.
             Mangled by an orc warrior
             ... wielding a cursed -3 war axe
              (20 damage)
             ... on level 2 of the Dungeon.
             The game lasted 00:05:00 (2793 turns).

phalm the Conjurer (Demonspawn Conjurer)            Turns: 2793, Time: 00:05:01

Health: -8/39      AC:  3    Str:  8    XL:     5   Next: 52%
Magic:  0/9        EV: 12    Int: 20    God:
Gold:   140        SH:  0    Dex: 11    Spells: 7/10 levels left

rFire    . . .     SeeInvis .   g - +0 hand axe (curse)
rCold    . . .     Faith    .   (no shield)
rNeg     . . .     Spirit   .   a - +0 robe
rPois    .         Reflect  .   (helmet restricted)
rElec    .         Harm     .   b - +0 cloak
rCorr    .         Rampage  .   (no gloves)
Will     .....                  (no boots)
Stlth    ++........             (no amulet)
HPRegen  0.13/turn              (no ring)
MPRegen  0.11/turn              (no ring)

@: no status effects
A: horns 1
a: no special abilities


You were on level 2 of the Dungeon.
You visited 1 branch of the dungeon, and saw 3 of its levels.

You collected 140 gold pieces.


Innate Abilities, Weirdness & Mutations

You have a pair of small horns on your head.


   Skills:
 + Level 2.3 Fighting
 - Level 1.7 Dodging
 - Level 1.7 Stealth
 + Level 3.1 Spellcasting
 * Level 5.6 Conjurations


You had 7 spell levels left.
You knew the following spells:

 Your Spells              Type           Power        Failure   Level
m - Magic Dart            Conj           100%         1%          1
s - Searing Ray           Conj           50%          1%          2

Your spell library contained the following spells:

 Spells                   Type           Power        Failure   Level
 Dazzling Flash           Conj/Hex       28%          13%         3
 Fulminant Prism          Conj/Hex       7%           41%         4
 Iskenderun's Mystic Bla  Conj/Tloc      14%          41%         4

Inventory:

Hand Weapons
 g - a cursed +0 hand axe (weapon)
   (You found it on level 1 of the Dungeon)
Missiles
 i - 38 sling bullets
Armour
 a - a +0 robe (worn)
 b - a +0 cloak (worn)
   (You found it on level 1 of the Dungeon)
Scrolls
 e - 3 scrolls of remove curse {unknown}
 f - 3 scrolls of identify {unknown}
 h - a scroll of magic mapping {unknown}
Potions
 c - 5 potions of heal wounds {unknown}
 d - a potion of invisibility {unknown}
 j - 4 potions of flight {unknown}
 k - a potion of curing {unknown}

Dungeon Overview and Level Annotations

Branches:
Dungeon (3/15)

Altars:
Yredelemnul

#.# #.# #.# #.#
###.###### #.#
.........# #.#
###.####<# #.#
....# #.# #.#
########.# #.#
.....>.#.# #o#
######.#.#######@##
#.............#
####..#######.#..#
#.....# #.#..#
#.###.#######.#..#
#.#
#............#####
#.#
#########.#......#
#.# #.#.####.# #.#
#.#.# #.#


You could see an orc warrior.


Message History

😎 MP[-1]
You lost 1 mp, and now have 1/9 mp.
Casting: Magic Dart (safe; 1% risk of failure)
Confirm with . or Enter, or press ? or * to list all spells.
Aiming: Magic Dart (safe; 1% risk of failure)
Press: ? - help, Shift-Dir - straight line, f/p - orc wizard
Aim: an orc wizard, wielding a +0 dagger and wearing a +0 robe (almost dead, 0% to evade)
The magic dart hits the orc wizard.
You kill the orc wizard! 😎 HP[+1]
You now have 39 max hp (+1).
Your hp is fully restored (39).
Casting: Magic Dart (safe; 1% risk of failure)
Confirm with . or Enter, or press ? or * to list all spells.
Aiming: Magic Dart (safe; 1% risk of failure)
Press: ? - help, Shift-Dir - straight line, f - orc warrior
Aim: an orc warrior, wielding a -3 war axe and wearing a +0 plate armour (0% to evade)
The magic dart hits the orc warrior! 😎 MP[-1]
You lost 1 mp, and now have 0/9 mp.
The orc warrior hits you with a cursed -3 war axe!
You climb upwards.
There is a stone staircase leading down here. 😮 HP[-11]
You take 11 damage, and now have 28/39 hp.
MASSIVE DAMAGE!! (PAUSE) 😮 HP[+1] 😮 MP[+1] 😕 HP[+1]
Press: ? - help, v - describe, . - travel
Here: an orc warrior, wielding a -3 war axe and wearing a +0 plate armour (moderately wounded)
The floor.
Unknown command.
The orc warrior closely misses you.
You see here 24 arrows. 😕 MP[+1]
You aren't carrying any items that you can evoke. 😕 HP[+1] 😕 MP[+1] 😕 HP[+1] 😕 HP[+1] 😕 MP[+1] 😕 HP[+1] 😕 MP[+1]
There is a stone staircase leading up here. 😕 HP[+1] 😕 MP[+1] 😕 HP[+1] 😕 MP[+1] 😕 HP[+1] 😕 MP[+1] 😕 HP[+1] 😕 MP[+1]
Your mp is fully restored (9).
Casting: Magic Dart (safe; 1% risk of failure)
Confirm with . or Enter, or press ? or * to list all spells.
Aiming: Searing Ray (safe; 1% risk of failure)
Press: ? - help, Shift-Dir - straight line, f - orc warrior
Aim: an orc warrior, wielding a -3 war axe and wearing a +0 plate armour (lightly wounded, 21% to evade)
The searing ray misses the orc warrior. (Press . to maintain the ray.)
The orc warrior suddenly curses.
The orc warrior hits you with a cursed -3 war axe. 😕 HP[-2] MP[-2]
You take 2 damage, and now have 36/39 hp.
You lost 2 mp, and now have 7/9 mp.
The searing ray hits the orc warrior.
The orc warrior misses you. 😕 MP[-1]
You lost 1 mp, and now have 6/9 mp.
The searing ray hits the orc warrior.
The orc warrior barely misses you. 😕 MP[-1]
You lost 1 mp, and now have 5/9 mp.
The searing ray misses the orc warrior.
You finish channeling your searing ray.
The orc warrior hits you with a cursed -3 war axe! 😮 HP[-16] MP[-1]
You take 16 damage, and now have 20/39 hp.
MASSIVE DAMAGE!! (PAUSE)
You lost 1 mp, and now have 4/9 mp.
Casting: Searing Ray (safe; 1% risk of failure)
Confirm with . or Enter, or press ? or * to list all spells.
Aiming: Searing Ray (safe; 1% risk of failure)
Press: ? - help, Shift-Dir - straight line, f/p - orc warrior
Aim: an orc warrior, wielding a -3 war axe and wearing a +0 plate armour (moderately wounded, 21% to evade)
The searing ray hits the orc warrior. (Press . to maintain the ray.) 😮 MP[-2]
You lost 2 mp, and now have 2/9 mp.
The searing ray hits the orc warrior.
The orc warrior closely misses you. 😮 MP[-1]
You lost 1 mp, and now have 1/9 mp.
The searing ray hits the orc warrior but does no damage.
The orc warrior hits you with a cursed -3 war axe!
* * * LOW HITPOINT WARNING * * *
😨 HP[-9] MP[-1]
You take 9 damage, and now have 11/39 hp.
MASSIVE DAMAGE!! (PAUSE)
You lost 1 mp, and now have 0/9 mp.
Without enough magic to sustain it, your searing ray dissipates.
The orc warrior hits you with a cursed -3 war axe!!
Ouch! That really hurt!
You die...

Skill      XL: |  1  2  3  4  5 |
---------------+----------------+-----
Fighting       | 1 2 |  2.3
Conjurations   | 5 |  5.6
Spellcasting   | 3 |  3.1
Dodging        | |  1.7
Stealth        | |  1.7

Action                   |  1- 3 |  4- 6 || total
-------------------------+-------+-------++-------
Melee: Unarmed           |    14 |       ||    14
       Hand axe          |    20 |    16 ||    36
       Headbutt          |     2 |     2 ||     4
 Cast: Magic Dart        |    58 |    57 ||   115
       Searing Ray       |     2 |     4 ||     6
Armor: Robe              |    12 |     3 ||    15
Dodge: Dodged            |    39 |    27 ||    66

Levels and vault maps discovered:
D:1:      dpeg_arrival_arbitrary_b, layout_basic, kennysheep_boxes
D:2:      layout_loops_ring, yredelemnul_altar_generic, uniq_natasha
D:3:      layout_basic, gammafunk_temple_overflow_wave, kennysheep_slug_shrine

Notes
Turn   | Place    | Note
-------+----------+-------------------------------------------
     0 | D:1      | phalm the Demonspawn Conjurer began the quest for the Orb.
     0 | D:1      | Reached XP level 1. HP: 13/13 MP: 3/3
     0 | D:1      | magus.rc [v1.9.10]
   558 | D:1      | Gained mutation: You have a pair of small horns on your
                  | head. [demonic ancestry]
   558 | D:1      | Reached XP level 2. HP: 20/20 MP: 5/5
   978 | D:1      | Reached skill level 1 in Fighting
  1212 | D:2      | Learned a level 2 spell: Searing Ray
  1277 | D:2      | Reached XP level 3. HP: 26/26 MP: 2/6
  1374 | D:2      | Found a basalt altar of Yredelemnul.
  1477 | D:2      | Reached XP level 4. HP: 10/32 MP: 1/8
  1478 | D:2      | Reached skill level 5 in Conjurations
  1754 | D:2      | Noticed Natasha
  1759 | D:2      | Killed Natasha
  1760 | D:2      | Reached skill level 2 in Fighting
  2001 | D:2      | Reached XP level 5. HP: 38/38 MP: 3/9
  2379 | D:2      | Noticed Natasha
  2382 | D:2      | Killed Natasha
  2383 | D:2      | Reached skill level 3 in Spellcasting
  2700 | D:3      | Noticed an orc warrior
  2793 | D:2      | Mangled by an orc warrior

Vanquished Creatures
  An orc priest (D:2)
  An orc wizard (D:3)
  Natasha (twice) (D:2)
  2 adders (D:2)
  4 worms (D:2)
  4 dart slugs
  2 leopard geckos (D:1)
  5 orcs
  3 giant cockroaches (D:2)
  5 goblins
  3 hobgoblins
  4 jackals
  A ball python (D:1)
  8 bats
  3 frilled lizards
  7 kobolds
  4 rats
59 creatures vanquished.

Vanquished Creatures (others)
  11 plants (D:1)
  2 withered plants (D:2)
13 creatures vanquished.

Grand Total: 72 creatures vanquished

Table legend:
 A = Non-vault XP
 B = Vault XP
 C = Vault XP percentage of total XP
 D = Non-vault monster count
 E = Vault monster count
 F = Vault count percentage of total count
                 A         B        C        D         E       F
            +---------+---------+-------+---------+---------+-------
      Total |     257 |      35 |  12.0 |      58 |       1 |   1.7
            +---------+---------+-------+---------+---------+-------
        D:1 |      36 |       0 |   0.0 |      19 |       0 |   0.0
        D:2 |     178 |      35 |  16.4 |      37 |       1 |   2.6
        D:3 |      43 |       0 |   0.0 |       2 |       0 |   0.0
            +---------+---------+-------+---------+---------+-------

Illustrated notes

Table legend:
 A = Kills in this place as a percentage of kills in entire the game.
 B = Kills by you in this place as a percentage of kills by you in the entire game.
 C = Kills by friends in this place as a percentage of kills by friends in the entire game.
 D = Other kills in this place as a percentage of other kills in the entire game.
 E = Experience gained in this place as a percentage of experience gained in the entire game.
 F = Experience gained in this place divided by the number of levels of this place that you have seen.
                   A       B       C       D       E      F
               +-------+-------+-------+-------+-------+----------------------
         Total | 100.0 | 100.0 |   N/A |   N/A | 100.0 |  97.3
       Dungeon | 100.0 | 100.0 |   N/A |   N/A | 100.0 |  97.3
               +-------+-------+-------+-------+-------+----------------------

Table legend: (Time is in decaauts)
 A = Elapsed time spent in this place.
 B = Non-inter-level travel time spent in this place.
 C = Inter-level travel time spent in this place.
 D = Time resting spent in this place.
 E = Time spent auto-exploring this place.
 F = Levels seen in this place.
 G = Mean time per level.
                   A        B        C        D        E       F      G
               +--------+--------+--------+--------+--------+-----+--------+
         Total |   2814 |   2758 |     56 |      0 |   2323 |   3 |  938.0 |
       Dungeon |   2814 |   2758 |     56 |      0 |   2323 |   3 |  938.0 |
               +--------+--------+--------+--------+--------+-----+--------+

Top non-repeatable levels by time:
     D:2: 1593 daAuts
     D:1: 1209 daAuts
     D:3: 11 daAuts
